 Dungeon Crawl Stone Soup version 0.30-a0-368-g86fb4627a9 (webtiles) character file.

Game seed: 1855891764608268944

696 ryw the Magician (level 7, 0/56 HPs)
             Began as a Demonspawn Wanderer on Nov 18, 2022.
             Splashed by a jelly's acid (8 damage)
             ... on level 5 of the Dungeon.
             The game lasted 00:08:22 (4489 turns).

ryw the Magician (Demonspawn Wanderer)              Turns: 4489, Time: 00:08:23

Health: 0/56       AC: -5    Str: 13    XL:     7   Next: 37%
Magic:  15/15      EV: 13    Int: 13    God:
Gold:   195        SH:  0    Dex: 14    Spells: 17/17 levels left

rFire   . . .      SeeInvis .    a - +5 short sword
rCold   . . .      Faith    .    (no shield)
rNeg    + . .      Spirit   .    c - +0 leather armour
rPois   +          Reflect  .    (helmet restricted)
rElec   .          Harm     .    (no cloak)
rCorr   .          Rampage  .    p - +0 pair of gloves
Will    .....                    r - +0 pair of boots
Stlth   +.........               (no amulet)
HPRegen 0.29/turn                d - ring of poison resistance
MPRegen 0.14/turn                k - ring of positive energy

@: corroded
A: horns 1, demonic guardian 1, sharp scales 2
a: no special abilities


You were on level 5 of the Dungeon.
You visited 1 branch of the dungeon, and saw 5 of its levels.
You also visited: Sewer.

You collected 195 gold pieces.

Inventory:

Hand Weapons
 a - a +5 short sword (weapon)
Missiles
 m - 3 curare-tipped darts (quivered)
 s - 5 silver boomerangs
 t - 2 javelins
Armour
 c - a +0 leather armour (worn)
 p - a +0 pair of gloves (worn)
 r - a +0 pair of boots (worn)
Jewellery
 d - a ring of poison resistance (left hand)
 k - a ring of positive energy (right hand)
Wands
 e - a wand of mindburst (20)
Scrolls
 b - 2 scrolls of blinking
 f - 2 scrolls of teleportation
 g - a scroll of amnesia
 l - 2 scrolls of magic mapping
Potions
 h - a potion of curing
 i - 3 potions of flight
 j - a potion of attraction
 o - a potion of haste
 q - a potion of resistance
 u - a potion of brilliance {unknown}


   Skills:
 + Level 5.4 Fighting
 - Level 2.6 Short Blades
 + Level 4.8 Dodging
 - Level 5.5 Spellcasting
 - Level 1.2 Invocations


You had 17 spell levels left.
You didn't know any spells.
Your spell library contained the following spells:

 Spells                   Type           Power      Damage    Failure   Level
 Cigotuvi's Dreadful Rot  Necr/Pois/Air  6%         N/A       34%         2
 Ensorcelled Hibernation  Hex/Ice        6%         N/A       34%         2
 Poisonous Vapours        Pois/Air       6%         N/A       34%         2
 Sublimation of Blood     Necr           3%         N/A       34%         2
 Spider Form              Tmut/Pois      3%         N/A       56%         3
 Anguish                  Hex/Necr       1%         N/A       92%         4
 Petrify                  Tmut/Erth      3%         N/A       92%         4
 Irradiate                Conj/Tmut      1%         3d12      99%         5


Dungeon Overview and Level Annotations

Branches:
Dungeon (5/15)              Sewer (visited)
 Temple: D:4-7

Altars:
Makhleb
Wu Jian

Annotations:
D:2 Sigmund


Innate Abilities, Weirdness & Mutations

You have a pair of small horns on your head.
A weak demonic guardian rushes to your aid.
You are mostly covered in razor-sharp scales. (AC +2, Slay +2)


Message History

The jelly quivers.
You hit the white imp.
You kill the white imp!
You barely miss the white imp. The white imp misses you.
You hit the white imp. Your headbutt misses the white imp.
The white imp is severely wounded.
You barely miss the white imp.
You headbutt the white imp, but do no damage.
The white imp is severely wounded.
The white imp barely misses you.
You barely miss the white imp.
The white imp is severely wounded.
The white imp gestures at you. The puff of frost misses you.
You hit the white imp.
You kill the white imp!
You hit the jelly.
Your hands burn!
You headbutt the jelly.
The jelly is heavily wounded.
The jelly hits you but does no damage.
You hit the jelly.
Your hands burn!
Your headbutt misses the jelly.
The jelly is severely wounded.
The jelly hits you. The acid corrodes you!
You are splashed with acid!
You are too injured to fight recklessly!
You are too injured to fight recklessly!
You are too injured to fight recklessly!
You hit the jelly.
Your hands burn!
The jelly is almost dead.
A scorpion comes into view.
The jelly jiggles.
The jelly hits you. The acid corrodes you!
You are splashed with acid!
* * * LOW HITPOINT WARNING * * *
You hit the jelly but do no damage. The acid corrodes you!
Your hands burn!
* * * LOW HITPOINT WARNING * * *
A demonic guardian appears!
You headbutt the jelly, but do no damage.
The jelly is almost dead.
The jelly hits you.
* * * LOW HITPOINT WARNING * * *
You are splashed with acid!
You die...

.... #..#
#..# #..#
#..# #..#
########.5#
.>....J@..#
..s#.####<#
#.# #.# #.#
.######.#
........#
##########.#
#~.bbbbb~~.#


You could see a scorpion, a jelly (ally target) and a friendly ufetubus
(summoned).

Vanquished Creatures
  Grinder (D:3)
  Pargi (Sewer)
  An ice beast (D:4)
  A gnoll bouda (D:4)
  A jelly (D:4)
  6 adders
  7 gnolls (D:4)
  2 white imps (D:5)
  3 dart slugs
  An orc (D:3)
  10 ball pythons
  13 endoplasms
  6 giant cockroaches
  7 goblins
  8 hobgoblins
  2 jackals (D:1)
  9 quokkas
  9 bats
  6 frilled lizards
  15 kobolds
  6 rats
115 creatures vanquished.

Vanquished Creatures (collateral kills)
  A gnoll (D:4)
1 creature vanquished.

Grand Total: 116 creatures vanquished

Notes
Turn   | Place    | Note
-------+----------+-------------------------------------------
     0 | D:1      | ryw the Demonspawn Wanderer began the quest for the Orb.
     0 | D:1      | ryw set off with the following items: a +3 short sword, a
                  | scroll of blinking, a +0 leather armour; and the following
                  | spells available to memorise: Cigotuvi's Dreadful Rot,
                  | Poisonous Vapours.
     0 | D:1      | Reached XP level 1. HP: 15/15 MP: 6/6
   171 | D:1      | Gained mutation: You are partially covered in razor-sharp
                  | scales. (AC +1, Slay +1) [demonic ancestry]
   171 | D:1      | Reached XP level 2. HP: 20/21 MP: 8/8
   489 | D:1      | Gained mutation: You are mostly covered in razor-sharp
                  | scales. (AC +2, Slay +2) [demonic ancestry]
   489 | D:1      | Reached XP level 3. HP: 15/26 MP: 10/10
   939 | D:1      | Reached skill level 1 in Dodging
  1167 | D:2      | Found a burning altar of Makhleb.
  1552 | D:2      | Gained mutation: You have a pair of small horns on your
                  | head. [demonic ancestry]
  1552 | D:2      | Reached XP level 4. HP: 33/33 MP: 11/11
  1821 | D:2      | Noticed Sigmund
  2121 | D:3      | Noticed Grinder
  2127 | D:3      | Paralysed by Grinder for 3 turns
  2137 | D:3      | Killed Grinder
  2138 | D:3      | Reached XP level 5. HP: 8/42 MP: 13/13
  2138 | D:3      | Gained mutation: A weak demonic guardian rushes to your
                  | aid. [demonic ancestry]
  2138 | D:3      | Reached XP level 6. HP: 9/48 MP: 14/14
  2574 | D:3      | Found an ornate altar of the Wu Jian Council.
  3083 | D:4      | Noticed an ice beast
  3094 | D:4      | Killed an ice beast
  4046 | D:4      | Reached XP level 7. HP: 55/55 MP: 15/15
  4056 | D:4      | Reached skill level 5 in Fighting
  4282 | D:5      | Entered Level 5 of the Dungeon
  4289 | D:5      | Found a glowing drain.
  4301 | Sewer    | Entered a sewer
  4308 | Sewer    | Noticed Pargi
  4318 | Sewer    | Killed Pargi
  4489 | D:5      | Splashed by a jelly's acid

Illustrated notes

Levels and vault maps discovered:
D:1:      nicolae_arrival_somewhat_less_tricky_arrival, layout_loops_ring
D:2:      minmay_thinvault, layout_loops_ring, basic_altar,
          chequers_serial_rivers_room_a, uniq_sigmund
D:3:      layout_basic, marbit_many_paths, fountainhead,
          chequers_serial_rivers_micro_d, uniq_grinder
D:4:      layout_loops_cross
D:5:      layout_loops_ring, cheibriados_altar_1,
          nicolae_ru_great_annihilating_truth, fedhas_altar_1,
          minmay_temple_entry_grid, portal_sewer_entry_d, chequers_mini_garden,
          uniq_edmund, uniq_menkaure, uniq_pikel

Skill      XL: |  1  2  3  4  5  6  7 |
---------------+----------------------+-----
Dodging        | 1 3 4 |  4.8
Fighting       | 2 3 4 5 |  5.4
Short Blades   | |  2.6
Spellcasting   | |  5.5
Invocations    | |  1.2

Action                   |  1- 3 |  4- 6 |  7- 9 || total
-------------------------+-------+-------+-------++-------
Melee: Short sword       |   156 |   150 |    46 ||   352
       Headbutt          |       |    30 |     9 ||    39
       Punch             |       |     1 |       ||     1
Throw: Dart              |       |     9 |       ||     9
       Javelin           |       |       |     2 ||     2
       Throwing net      |       |       |     1 ||     1
  Use: Scroll            |     5 |     7 |     1 ||    13
       Potion            |       |     1 |     2 ||     3
 Stab: Sleeping          |       |     3 |       ||     3
Armor: Leather armour    |    37 |    35 |    14 ||    86
Dodge: Dodged            |    75 |    71 |    36 ||   182

Table legend: (Time is in decaauts)
 A = Elapsed time spent in this place.
 B = Non-inter-level travel time spent in this place.
 C = Inter-level travel time spent in this place.
 D = Time resting spent in this place.
 E = Time spent auto-exploring this place.
 F = Levels seen in this place.
 G = Mean time per level.
                   A        B        C        D        E       F      G
               +--------+--------+--------+--------+--------+-----+--------+
         Total |   4433 |   4274 |    159 |    614 |   2857 |   6 |  738.8 |
       Dungeon |   4280 |   4121 |    159 |    614 |   2749 |   5 |  856.0 |
         Sewer |    152 |    152 |      0 |      0 |    108 |   1 |  152.0 |
               +--------+--------+--------+--------+--------+-----+--------+

Top non-repeatable levels by time:
     D:4: 1089 daAuts
     D:3: 1073 daAuts
     D:2: 1046 daAuts
     D:1: 1013 daAuts
   Sewer: 152 daAuts
     D:5: 57 daAuts
